 Dungeon Crawl Stone Soup version 0.31-a0-210-gccc998df9b (webtiles) character file.

Game seed: 18169362649574170345

1460 kae the Changer (level 8, 62/64 HPs)
             Began as a Demonspawn Transmuter on June 30, 2023.
             Quit the game on level 1 of the Abyss.
             The game lasted 00:05:38 (5093 turns).

kae the Changer (Demonspawn Transmuter)             Turns: 5093, Time: 00:05:38

Health: 62/64      AC:  7    Str: 10    XL:     8   Next: 48%
Magic:  14/14      EV: 10    Int: 18    God:
Gold:   88         SH:  0    Dex: 13    Spells: 5/15 levels left

rFire   x . .        g - melded +4 spear (venom)
rCold   + + +        (shield currently unavailable)
rNeg    . . .        a - melded +0 robe
rPois   +            i - melded +1 helmet
rElec   .            (cloak currently unavailable)
rCorr   .            (gloves currently unavailable)
SInv    .            (boots currently unavailable)
Will    .....        (no amulet)
Stlth   +            (no ring)
HPRegen 0.30/turn    (no ring)
MPRegen 0.28/turn

%: guardian spirit
@: ice-form
A: freezing attack, amphibious, boosted hp, large, (hooves 1), (slimy green
scales 1), (spiny 2), magic shield, magic regeneration
a: End Transformation


You were on level 1 of the Abyss.
You were a creature of crystalline ice.
You visited 1 branch of the dungeon, and saw 5 of its levels.
You visited the Abyss 1 time.
You also visited: Ossuary.

You collected 166 gold pieces.
You spent 78 gold pieces at shops.


Innate Abilities, Weirdness & Mutations

You are a creature of crystalline ice.
You have a powerful freezing melee attack.
You are amphibious.
Your maximum health is increased.
Your armour is entirely melded.
You are incapable of wielding weapons or throwing items.
((You have large cloven feet.))
((You are partially covered in slimy green scales. (AC +2)))
((You are mostly covered in sharp spines.))
When hurt, damage is shared between your health and your magic reserves.
You regenerate magic rapidly.


   Skills:
 - Level 1.0 Fighting
 - Level 1.7 Dodging
 + Level 5.1 Unarmed Combat
 - Level 4.0 Spellcasting
 * Level 6.4 Transmutations
 * Level 4.1 Ice Magic
 - Level 2.0 Poison Magic


You had 5 spell levels left.
You knew the following spells:

 Your Spells              Type           Power      Damage    Failure   Level
a - Beastly Appendage     Tmut           52%        N/A       1%          1
b - Wereblood             Tmut           26%        N/A       1%          2
c - Spider Form           Tmut/Pois      18%        N/A       8%          3
d - Ice Form              Ice/Tmut       22%        N/A       17%         4

Your spell library contained the following spells:

 Spells                   Type           Power      Damage    Failure   Level
 Passwall                 Tmut/Erth      12%        N/A       6%          2
 Sandblast                Erth           6%         2d5       14%         1
 Stone Arrow              Conj/Erth      6%         3d7       41%         3
 Summon Ice Beast         Ice/Summ       10%        N/A       54%         4
 Summon Mana Viper        Hex/Summ       3%         N/A       99%         5
 Monstrous Menagerie      Summ           1%         N/A       100%        7

Inventory:

Hand Weapons
 g - a +4 spear of venom (melded)
   (You took it off a gnoll on level 1 of the Dungeon)
Missiles
 d - 46 stones
 e - a curare-tipped dart {=f}
 l - 5 boomerangs
 q - 10 poisoned darts
 r - 6 javelins
Armour
 a - a +0 robe (melded)
 i - a +1 helmet (melded)
   (You found it on level 1 of the Dungeon)
Jewellery
 A - an amulet of the acrobat
   (You took it off a gnoll on level 4 of the Dungeon)
Scrolls
 b - 2 scrolls of fog
 h - a scroll of enchant weapon
 j - 2 scrolls of poison {!r}
 m - 4 scrolls of teleportation {@r4}
 u - 3 scrolls of identify {@r1}
Potions
 c - 4 potions of might
 f - 6 potions of curing {@q1}
 k - 2 potions of mutation {!q}
 n - 2 potions of attraction {!q}
 o - 3 potions of enlightenment
 p - a potion of heal wounds {@q2}
 s - a potion of resistance
 t - a potion of brilliance

Dungeon Overview and Level Annotations

Branches:
Dungeon (5/15) Zot: 25500 Ossuary (visited)
 Temple: D:4-7

Altars:
Hepliaklqana
Makhleb
Sif Muna
Uskayaw
Vehumet
Yredelemnul

Shops:
D:3 (   D:4 ?

Annotations:
D:5 Menkaure, Sigmund

. . .. ## #. #. .
#..#.##. #...#.
..#... ......##
..#..####
#.#.....# #..#..Y#
..##.####.##.## ..
. ...##...#..~~.#
#.
#.##.#.###.##.♣~.#
#.##.##....# .# ~~
#.. .§.##...##. ~#
.##§#.#...## .. .#
#. #.#.##.. # .~~
. #. . ...## ..#
♣≈.


There were no monsters in sight!


Message History

😕 HP[-4] MP[-1]
You take 4 damage, and now have 60/64 hp.
You lost 1 mp, and now have 10/14 mp.
You barely miss the scorpion.
The scorpion stings you but does no damage.
You hit the scorpion but do no damage.
The scorpion stings you. 😕 HP[-1] MP[+1]
You take 1 damage, and now have 59/64 hp.
You hit the scorpion. You freeze the scorpion.
You kill the scorpion!
No target in view!
No target in view!
No target in view!
A hound comes into view. 😎 HP[+5] MP[+3]
Your hp is fully restored (64).
Your mp is fully restored (14).
Unknown command.
A hound is nearby!
Unknown command.
A hound is nearby!
A hound is nearby!
Your transformation is almost over.
A hound is nearby!
The hound barks!
The hound bites you but does no damage.
A hound comes into view.
There are monsters nearby!
You punch the hound! You freeze the hound.
You kill the hound!
Your Ice Magic skill increases to level 4!
Things that are here:
a potion of curing {@q1}; a hound corpse You punch the hound!
You freeze the hound.
You kill the hound!
No target in view!
No target in view!
Unknown command.
f - 6 potions of curing {@q1} (gained 1)
You see here a hound corpse.
You warm up again.
Your +4 spear of venom unmelds from your body.
Your +1 helmet unmelds from your body.
Your +0 robe unmelds from your body.
Your +4 spear of venom begins to drip with poison!
Sigmund the Dreaded comes into view.
He is wielding a +0 scythe of distortion. 😎 HP[-10]
You now have 54 max hp (-10).
Sigmund is nearby!
Sigmund is nearby!
Sigmund is nearby!
Sigmund is nearby!
Unknown command.
Found a stone staircase leading down.
Casting: Ice Form (quite dangerous; 17% risk of failure)
Confirm with . or Enter, or press ? or * to list all spells.
The spell is quite dangerous to miscast (17% risk of failure)!
Continue anyway? [Y]es or [N]o only, please.
The spell is quite dangerous to miscast (17% risk of failure)!
Continue anyway?
You turn into a creature of crystalline ice.
Your +4 spear of venom melds into your body.
Your +1 helmet melds into your body.
Your +0 robe melds into your body.
Your +4 spear of venom stops dripping with poison. 😎 HP[+10] MP[-4]
You now have 64 max hp (+10).
Your hp is fully restored (64).
You lost 4 mp, and now have 10/14 mp.
Sigmund shouts!
An adder comes into view.
Sigmund points at you and mumbles some strange words.
The magic dart hits you. 😕 HP[-5]
You take 5 damage, and now have 59/64 hp.
Menkaure, Prince of Dust comes into view.
The adder hisses angrily.
Sigmund mumbles some strange words.
Sigmund flickers and vanishes!
Deactivating autopickup; reactivate with Ctrl-A. 😕 HP[+1] Unknown command. 😕 MP[+1] 😕 HP[+1] 😕 MP[+1]
Something hits you.
You are cast into the Abyss!
This branch contains the abyssal rune of Zot.
Reactivating autopickup. 😕 HP[-2] MP[-1]
You take 2 damage, and now have 59/64 hp.
You lost 1 mp, and now have 11/14 mp. 😕 MP[+1] Unknown command.
Unknown command.
Okay, then. 😕 HP[+1] 😕 MP[+1] 😕 HP[+1] 😕 MP[+1]
Your mp is fully restored (14). 😕 HP[+1] Unknown command.
Okay, then.
Are you sure you want to abandon this character and quit the game? (Confirm with "yes".)

Skill      XL: |  1  2  3  4  5  6  7  8 |
---------------+-------------------------+-----
Transmutations | 2 3 4 5 6 |  6.4
Unarmed Combat | 3 4 5 |  5.1
Poison Magic   | 1 2 |  2.0
Spellcasting   | 3 4 |  4.0
Ice Magic      | 2 4 |  4.1
Fighting       | |  1.0
Dodging        | |  1.7

Action                     |  1- 3 |  4- 6 |  7- 9 || total
---------------------------+-------+-------+-------++-------
  Melee: Unarmed           |    17 |    20 |    82 ||   119
         Headbutt          |     3 |    11 |     1 ||    15
         Kick              |     3 |    21 |    19 ||    43
         Spear             |    63 |    85 |    56 ||   204
         Punch             |     1 |     3 |     2 ||     6
   Cast: Beastly Appendage |    13 |    12 |     3 ||    28
         Wereblood         |       |     4 |     3 ||     7
         Ice Form          |       |     2 |     9 ||    11
         Spider Form       |       |       |     4 ||     4
Ability: End Transformatio |       |       |     2 ||     2
    Use: Potion            |     3 |       |       ||     3
         Scroll            |       |    12 |     5 ||    17
   Stab: Sleeping          |     4 |       |     2 ||     6
 Armour: Skin              |     3 |    11 |    36 ||    50
         Robe              |     9 |     8 |     5 ||    22
  Dodge: Dodged            |    28 |    36 |    90 ||   154

Levels and vault maps discovered:
D:1:      lightli_arrival_statue_moat, layout_basic,
          hellmonk_ecumenical_altar_lost_god
D:2:      layout_basic
D:3:      layout_basic, serial_shops, shop, st_stairs_7, eino_curves_04,
          nrook_mini_backslash
D:4:      layout_gridville, minitemple, serial_shops,
          nicolae_shop_back_alley_shop, nicolae_ossuary_entry_catacombs
D:5:      layout_basic, minivault_1, uniq_sigmund, uniq_menkaure
Abyss:1:  base: D:1, evilmike_abyss_exit_6

Notes
Turn   | Place    | Note
-------+----------+-------------------------------------------
     0 | D:1      | kae the Demonspawn Transmuter began the quest for the Orb.
     0 | D:1      | Reached XP level 1. HP: 15/15 MP: 3/3
     0 | D:1      | magus.rc [v1.11.3]
   101 | D:1      | Found a faded altar of an unknown god.
   109 | D:1      | Reached skill level 2 in Transmutations
   270 | D:1      | Gained mutation: You are partially covered in sharp spines.
                  | [demonic ancestry]
   270 | D:1      | Reached XP level 2. HP: 18/21 MP: 3/5
   299 | D:1      | HP: 5/21 [poisoned by a gnoll]
   302 | D:1      | HP: 1/21 [poisoned by a gnoll]
   386 | D:1      | Reached skill level 3 in Unarmed Combat
   549 | D:1      | Learned a level 2 spell: Wereblood
   554 | D:1      | Gained mutation: You regenerate magic rapidly. [demonic
                  | ancestry]
   554 | D:1      | Reached XP level 3. HP: 26/26 MP: 4/6
   558 | D:1      | Learned a level 3 spell: Spider Form
  1387 | D:2      | You pick up a book of Beasts and begin reading...
  1387 | D:2      | You add the spells Summon Ice Beast, Summon Mana Viper and
                  | Monstrous Menagerie to your library.
  1949 | D:3      | Gained mutation: When hurt, damage is shared between your
                  | health and your magic reserves. [demonic ancestry]
  1949 | D:3      | Reached XP level 4. HP: 32/32 MP: 7/7
  2025 | D:3      | Reached skill level 3 in Transmutations
  2149 | D:3      | Reached skill level 1 in Poison Magic
  2456 | D:3      | Found Ramir's Weapon Shop.
  2579 | D:3      | Lost mutation: You have razor-sharp toenails. [demonic
                  | ancestry]
  2579 | D:3      | Lost mutation: You have sharp toenails. [demonic ancestry]
  2579 | D:3      | Gained mutation: You have large cloven feet. [demonic
                  | ancestry]
  2579 | D:3      | Reached XP level 5. HP: 33/37 MP: 5/9
  2783 | D:4      | Noticed a phantom
  2851 | D:4      | Reached skill level 3 in Spellcasting
  2948 | D:4      | Reached skill level 4 in Transmutations
  2948 | D:4      | Reached skill level 2 in Poison Magic
  2948 | D:4      | Reached XP level 6. HP: 26/43 MP: 6/10
  2981 | D:4      | Reached skill level 4 in Unarmed Combat
  2990 | D:4      | Found a sand-covered staircase.
  3003 | Ossuary  | Entered an ossuary
  3003 | Ossuary  | Noticed a wraith
  3003 | Ossuary  | Noticed a wraith
  3003 | Ossuary  | Noticed a wraith
  3101 | Ossuary  | Learned a level 4 spell: Ice Form
  3264 | Ossuary  | Gained mutation: You are mostly covered in sharp spines.
                  | [demonic ancestry]
  3264 | Ossuary  | Reached XP level 7. HP: 48/48 MP: 8/12
  3455 | Ossuary  | Noticed a wraith
  3462 | Ossuary  | Killed a wraith
  3463 | Ossuary  | Reached skill level 5 in Transmutations
  3463 | Ossuary  | Reached skill level 1 in Ice Magic
  3695 | D:4      | Reached skill level 2 in Ice Magic
  3839 | D:4      | You pick up a book of Geomancy and begin reading...
  3839 | D:4      | You add the spells Sandblast, Passwall and Stone Arrow to
                  | your library.
  3882 | D:4      | Reached skill level 4 in Spellcasting
  4143 | D:4      | Found Araighaom's Magic Scroll Shoppe.
  4147 | D:4      | Bought a scroll of identify for 26 gold pieces
  4147 | D:4      | Bought a scroll of identify for 26 gold pieces
  4147 | D:4      | Bought a scroll of identify for 26 gold pieces
  4227 | D:4      | Gained mutation: You are partially covered in slimy green
                  | scales. (AC +2) [demonic ancestry]
  4227 | D:4      | Reached XP level 8. HP: 54/54 MP: 14/14
  4284 | D:4      | Found a burning altar of Makhleb.
  4285 | D:4      | Found a hazy altar of Hepliaklqana.
  4291 | D:4      | Found a shimmering blue altar of Sif Muna.
  4291 | D:4      | Found a hide-covered altar of Uskayaw.
  4291 | D:4      | Found a basalt altar of Yredelemnul.
  4291 | D:4      | Found a radiant altar of Vehumet.
  4516 | D:5      | Entered Level 5 of the Dungeon
  4536 | D:5      | Reached skill level 3 in Ice Magic
  4649 | D:4      | Reached skill level 6 in Transmutations
  4911 | D:5      | Reached skill level 5 in Unarmed Combat
  5038 | D:5      | Reached skill level 4 in Ice Magic
  5065 | D:5      | Noticed Sigmund
  5072 | D:5      | Noticed Menkaure
  5079 | D:5      | You are cast into the Abyss!
  5079 | Abyss:1  | Cast into level 1 of the Abyss (Sigmund)
  5093 | Abyss:1  | Quit the game

Vanquished Creatures
  A wraith (Ossuary)
  2 centaurs (D:5)
  A phantom (D:4)
  2 elf zombies (D:4)
  A kobold brigand (D:4)
  A gnoll sergeant (D:5)
  An elf skeleton (D:4)
  2 scorpions
  3 hounds
  A human zombie (Ossuary)
  2 jellies (D:4)
  An orc priest (D:3)
  2 iguanas
  3 human skeletons (D:4)
  An orc wizard (D:4)
  3 mummies (Ossuary)
  8 gnolls
  5 adders
  A white imp (D:3)
  A worm (D:5)
  4 dart slugs
  12 orcs
  6 endoplasms
  A giant cockroach (D:2)
  7 goblins
  6 hobgoblins
  14 kobolds
  3 quokkas
  12 ball pythons
  4 bats
  2 frilled lizards (D:2)
  A goblin zombie (Ossuary)
  2 hobgoblin zombies (Ossuary)
  2 kobold zombies (Ossuary)
  3 rats (D:1)
121 creatures vanquished.

Table legend:
 A = Non-vault XP
 B = Vault XP
 C = Vault XP percentage of total XP
 D = Non-vault monster count
 E = Vault monster count
 F = Vault count percentage of total count
                 A         B        C        D         E       F
            +---------+---------+-------+---------+---------+-------
      Total |    1394 |     692 |  33.2 |     104 |      17 |  14.0
            +---------+---------+-------+---------+---------+-------
        D:1 |      53 |       0 |   0.0 |      23 |       0 |   0.0
        D:2 |      33 |       0 |   0.0 |      19 |       0 |   0.0
        D:3 |     134 |       1 |   0.7 |      24 |       1 |   4.0
        D:4 |     590 |     384 |  39.4 |      22 |       6 |  21.4
        D:5 |     584 |       0 |   0.0 |      16 |       0 |   0.0
    Ossuary |       0 |     307 | 100.0 |       0 |      10 | 100.0
            +---------+---------+-------+---------+---------+-------

Skill      XL: |  1  2  3  4  5  6  7  8 |
---------------+-------------------------+-----
Transmutations | 2 3 4 5 6 |  6.4
Unarmed Combat | 3 4 5 |  5.1
Poison Magic   | 1 2 |  2.0
Spellcasting   | 3 4 |  4.0
Ice Magic      | 2 4 |  4.1
Fighting       | |  1.0
Dodging        | |  1.7

Action                     |  1- 3 |  4- 6 |  7- 9 || total
---------------------------+-------+-------+-------++-------
  Melee: Unarmed           |    17 |    20 |    82 ||   119
         Headbutt          |     3 |    11 |     1 ||    15
         Kick              |     3 |    21 |    19 ||    43
         Spear             |    63 |    85 |    56 ||   204
         Punch             |     1 |     3 |     2 ||     6
   Cast: Beastly Appendage |    13 |    12 |     3 ||    28
         Wereblood         |       |     4 |     3 ||     7
         Ice Form          |       |     2 |     9 ||    11
         Spider Form       |       |       |     4 ||     4
Ability: End Transformatio |       |       |     2 ||     2
    Use: Potion            |     3 |       |       ||     3
         Scroll            |       |    12 |     5 ||    17
   Stab: Sleeping          |     4 |       |     2 ||     6
 Armour: Skin              |     3 |    11 |    36 ||    50
         Robe              |     9 |     8 |     5 ||    22
  Dodge: Dodged            |    28 |    36 |    90 ||   154

Illustrated notes

Table legend:
 A = Kills in this place as a percentage of kills in the entire game.
 B = Kills by you in this place as a percentage of kills by you in the entire game.
 C = Kills by friends in this place as a percentage of kills by friends in the entire game.
 D = Other kills in this place as a percentage of other kills in the entire game.
 E = Experience gained in this place as a percentage of experience gained in the entire game.
 F = Experience gained in this place divided by the number of levels of this place that you have seen.
                   A       B       C       D       E      F
               +-------+-------+-------+-------+-------+----------------------
         Total | 100.0 | 100.0 |   N/A |   N/A | 100.0 | 298.0
       Dungeon |  91.7 |  91.7 |   N/A |   N/A |  85.3 | 355.8
       Ossuary |   8.3 |   8.3 |   N/A |   N/A |  14.7 | 307.0
               +-------+-------+-------+-------+-------+----------------------

Table legend: (Time is in decaauts)
 A = Elapsed time spent in this place.
 B = Non-inter-level travel time spent in this place.
 C = Inter-level travel time spent in this place.
 D = Time resting spent in this place.
 E = Time spent auto-exploring this place.
 F = Levels seen in this place.
 G = Mean time per level.
                   A        B        C        D        E       F      G
               +--------+--------+--------+--------+--------+-----+--------+
         Total |   5119 |   4864 |    255 |    354 |   3386 |   7 |  731.3 |
       Dungeon |   4498 |   4243 |    255 |    198 |   3134 |   5 |  899.6 |
         Abyss |     13 |     13 |      0 |      0 |      0 |   1 |   13.0 |
       Ossuary |    607 |    607 |      0 |    156 |    252 |   1 |  607.0 |
               +--------+--------+--------+--------+--------+-----+--------+

Top non-repeatable levels by time:
     D:4: 1239 daAuts
     D:1: 1174 daAuts
     D:3: 862 daAuts
     D:2: 775 daAuts
 Ossuary: 607 daAuts
     D:5: 446 daAuts
 Abyss:1: 13 daAuts
